AoeStats
← daumasson

African Clearing

510280904Analyzed
4v4 RM · 15h ago on Sep 30, 2026· 60m 50s· 8 players
Game mode
Random Map
Map size
Large (8 player)
Population
200
Speed
Normal
Resources
Standard
Victory
Conquest
Starting age
Dark Age
Ending age
Imperial Age
RankedLock teamsTeams togetherTeam positionsShared explorationLock speedFull tech treeHidden civsTurbo modeCheats
Victory
Defeat
🇨🇳 Magyars · China
1656
+12
🇨🇳 Mongols · China
1558
+16
🇨🇳 Varangians · China
1513
+17
🇭🇰 Huns · Hong Kong SAR China
1510
+17
🇨🇳 Mapuche · China
1586
-17
🇩🇪 Vietnamese · Germany
1583
-17
🇩🇪 Varangians · Germany
1520
-14
🇦🇷 Gurjaras · Argentina
1508
-14
daumasson
10:20 Loom
12:26 Feudal Age
12:59 Double-Bit Axe
15:47 Horse Collar
16:57 Bloodlines
23:02 Castle Age
22:05 Fletching
23:47 Scale Barding Armor
24:35 Bow Saw
24:28 Husbandry
25:28 Wheelbarrow
27:54 Forging
31:47 Chain Barding Armor
34:20 Iron Casting
34:22 Hand Cart
33:52 Town Watch
34:23 Light Cavalry
40:07 Imperial Age
38:07 Vendel Legacy
40:11 Cavalier
41:33 Plate Barding Armor
45:39 Blast Furnace
49:29 Heavy Plow
50:47 Hussar
52:17 Bodkin Arrow
54:26 Elite Skirmisher
55:08 Bracer
55:08 Padded Archer Armor
香辣鸡翅
10:36 Loom
12:54 Feudal Age
16:40 Castle Age
14:30 Horse Collar
14:37 Double-Bit Axe
[TOX2] A-c-Syno-666
13:19 Feudal Age
11:38 Loom
13:24 Feudal Age
16:27 Fletching
24:11 Castle Age
29:36 Double-Bit Axe
35:18 Ballistics
37:43 Bodkin Arrow
41:39 Fervor
49:24 Forging
50:27 Wheelbarrow
50:04 Scale Barding Armor
50:23 Bloodlines
56:17 Husbandry
57:35 Horse Collar
59:13 Bow Saw
59:18 Heavy Plow
BraLo
11:43 Feudal Age
12:26 Double-Bit Axe
12:28 Loom
19:34 Castle Age
17:32 Horse Collar
17:44 Gold Mining
18:32 Fletching
24:54 Bodkin Arrow
25:00 Padded Archer Armor
27:36 Ballistics
29:53 Bow Saw
31:25 Heavy Plow
35:02 Imperial Age
33:44 Wheelbarrow
32:55 Town Watch
33:57 Thumb Ring
34:21 Leather Archer Armor
34:07 Stone Mining
34:32 Murder Holes
35:32 Hand Cart
35:50 Bracer
36:20 Ring Archer Armor
36:59 Chemistry
37:18 Masonry
40:59 Forging
41:16 Scale Barding Armor
41:14 Light Cavalry
42:04 Bloodlines
42:41 Iron Casting
42:31 Husbandry
43:16 Chain Barding Armor
42:56 Scale Mail Armor
48:31 Plate Barding Armor
48:18 Elite Rattan Archer
49:29 Paper Money
50:33 Scale Mail Armor
49:55 Pikeman
50:35 Squires
52:33 Chain Mail Armor
52:26 Halberdier
54:18 Plate Mail Armor
57:32 Murder Holes
mbxmm
14:34 Feudal Age
16:04 Loom
19:23 Castle Age
19:42 Scale Barding Armor
19:49 Forging
19:28 Light Cavalry
20:39 Husbandry
20:51 Bloodlines
29:46 Double-Bit Axe
29:44 Horse Collar
31:48 Wheelbarrow
31:26 Bow Saw
32:01 Heavy Plow
34:13 Hand Cart
36:23 Gold Mining
36:24 Stone Mining
41:31 Imperial Age
39:59 Chain Barding Armor
40:14 Iron Casting
42:05 Gold Shaft Mining
42:01 Town Watch
43:01 Plate Barding Armor
42:28 Marauders
41:49 Elite Tarkan
42:50 Conscription
43:32 Blast Furnace
44:46 Two-Man Saw
44:28 Town Patrol
49:51 Coinage
58:13 Banking
shenxu
9:13 Loom
11:25 Feudal Age
12:07 Double-Bit Axe
15:21 Bloodlines
21:22 Fletching
23:48 Forging
27:28 Castle Age
27:06 Scale Barding Armor
27:38 Light Cavalry
28:40 Husbandry
29:21 Chain Barding Armor
29:13 Bow Saw
39:01 Wheelbarrow
38:19 Horse Collar
39:26 Gold Mining
41:36 Vendel Legacy
43:11 Iron Casting
43:08 Hand Cart
45:10 Bodkin Arrow
nono
13:01 Feudal Age
11:33 Loom
17:27 Castle Age
15:35 Double-Bit Axe
16:07 Fletching
16:18 Town Watch
16:58 Padded Archer Armor
18:32 Bow Saw
25:49 Bodkin Arrow
28:28 Wheelbarrow
34:05 Imperial Age
33:22 Leather Archer Armor
34:53 Hand Cart
35:11 Bracer
37:41 Conscription
38:36 Hoardings
39:23 Chemistry
38:19 Murder Holes
37:57 Elite Skirmisher
39:24 Masonry
40:17 Thumb Ring
41:09 Ballistics
43:55 Gold Mining
43:58 Stone Mining
45:25 Husbandry
45:36 Bloodlines
小白
4:29 Loom
12:51 Feudal Age
12:53 Man-at-Arms
13:49 Arson
15:00 Double-Bit Axe
16:01 Scale Mail Armor
18:06 Fletching
20:17 Wheelbarrow
25:55 Castle Age
26:50 Scale Barding Armor
27:47 Husbandry
28:24 Bow Saw
28:51 Bloodlines
35:13 Horse Collar
40:55 Imperial Age
38:45 Heavy Plow
39:06 Gold Mining
39:48 Corvinian Army
40:57 Gold Shaft Mining
41:59 Ballistics
42:06 Conscription
42:15 Chain Barding Armor
43:00 Two-Man Saw
42:19 Hand Cart
44:19 Plate Barding Armor
48:56 Murder Holes
50:57 Recurve Bow
51:41 Bodkin Arrow
53:39 Bracer
55:57 Chemistry
56:53 Padded Archer Armor
57:39 Thumb Ring
59:17 Leather Archer Armor
60:19 Parthian Tactics
61:27 Ring Archer Armor
Connection lost

Rejoining the realm…

Still unreachable

The connection could not be restored.

Session expired

The server has moved on; the page needs a fresh start.